Map: Realities Simulation LE

Players

PiPuxD

  • Race: Protoss Protoss
  • League: Gold
  • Spawn Location: 5:00

Autechre

  • Race: Terran Terran
  • Spawn Location: 3:00

MattBarry

  • Race: Zerg Zerg
  • League: Gold
  • Spawn Location: 6:00

Yoddy - Winner!

  • Race: Terran Terran
  • Spawn Location: 12:00

Mamu - Winner!

  • Race: Protoss Protoss
  • Spawn Location: 9:00

RVZ - Winner!

  • Race: Terran Terran
  • Spawn Location: 11:00

VOD

Have the link to the VOD?

Description

Time

  • Played on: Feb. 15, 2023, 5:03 a.m.
  • Length: 20:32
Show
View Real Time Build Order
Export as new Build Order

PiPuxD Protoss 

Build Orders: 1 Gate Expand, Oracle Opening 

Get SALT Encoding   

  12  0:00  Probe  
  13  0:12  Probe  
  14  0:17  Pylon  
  14  0:24  Probe  
  15  0:35  Gateway  
  15  0:38  Probe  
  16  0:45  Assimilator  
  16  0:50  Probe  
  17  1:02  Probe  
  18  1:18  Nexus  
  18  1:20  Probe (Chrono Boost)  
  19  1:31  Probe (Chrono Boost)  
  20  1:35  Probe (Chrono Boost)  
  21  1:42  Pylon  
  22  1:47  Probe  
  22  1:53  Cybernetics Core  
  22  2:00  Probe  
  23  2:03  Assimilator  
  23  2:12  Probe  
  24  2:24  Probe  
  25  2:30  Stargate  
  25  2:32  Adept, Probe  
  25  2:36  Probe (Chrono Boost)  
  27  2:37  Warp Gate  
  29  2:44  Probe (Chrono Boost)  
  29  2:48  Probe (Chrono Boost)  
  30  3:09  Probe x2  
  30  3:12  Oracle (Chrono Boost)  
  35  3:20  Pylon  
  35  3:21  Probe x2  
  37  3:30  Assimilator  
  37  3:31  Adept  
  37  3:33  Probe x2  
  41  3:39  Pylon, Oracle (Chrono Boost)  
  41  3:45  Probe x2  
  46  3:52  Twilight Council  
  46  3:57  Assimilator, Probe  
  46  3:58  Probe  
  46  4:02  Adept  
  50  4:06  Pylon  
  50  4:10  Probe x2  
  55  4:23  Probe x2  
  54  4:27  Gateway  
  54  4:30  Gateway  
  54  4:35  Probe x2  
  56  4:39  Blink (Chrono Boost)  
  56  4:47  Probe x2  
  55  5:09  Probe x2  
  57  5:18  Stalker  
  57  5:21  Probe x2  
  58  5:26  Stargate x2  
  58  5:29  Pylon  
  58  5:30  Phoenix  
  60  5:36  Protoss Air Weapons Level 1 (Chrono Boost)  
  60  5:37  Stalker x2  
  64  5:55  Phoenix  
  64  5:56  Nexus  
  66  5:57  Pylon  
  66  5:59  Pylon  
  66  6:02  Fleet Beacon  
  66  6:10  Pylon, Probe x2  
  68  6:12  Pylon  
  68  6:13  Phoenix x2  
  72  6:19  Shield Battery  
  72  6:20  Phoenix, Shield Battery  
  72  6:22  Probe  
  72  6:23  Forge  
  75  6:28  Probe  
  76  6:34  Probe  
  76  6:38  Phoenix x2  
  81  6:47  Phoenix  
  81  6:51  Probe x2  
  85  6:55  Anion Pulse-Crystals (Chrono Boost)  
  85  7:01  Zealot x3  
  87  7:07  Probe x2  
  87  7:08  Probe  
  94  7:17  Phoenix x2  
  94  7:20  Phoenix  
  100  7:23  Assimilator  
  100  7:27  Assimilator  
  100  7:45  Phoenix  
  100  7:46  Phoenix  
  100  7:50  Phoenix  
  106  7:56  Probe x3  
  109  8:03  Protoss Air Armor Level 1 (Chrono Boost)  
  109  8:08  Probe x3  
  112  8:13  Pylon  
  112  8:14  Phoenix x2  
  112  8:15  Pylon  
  116  8:20  Probe  
  115  8:35  Phoenix  
  115  8:39  Phoenix  
  119  9:12  Phoenix  
  119  9:13  Phoenix x2  
  119  9:15  Nexus  
  119  9:16  Pylon  
  125  9:19  Pylon  
  125  9:20  Pylon  
  125  9:24  Charge (Chrono Boost)  
  125  9:36  Shield Battery  
  125  9:38  Shield Battery  
  125  9:40  Photon Cannon  
  125  9:42  Probe  
  127  9:47  Phoenix  
  127  9:48  Phoenix x2  
  132  9:56  Protoss Air Weapons Level 2 (Chrono Boost)  
  132  9:58  Zealot x2  
  132  9:59  Zealot  
  138  10:06  Gateway  
  138  10:07  Gateway  
  138  10:09  Gateway  
  138  10:13  Gateway  
  138  10:15  Gateway  
  138  10:22  Phoenix  
  138  10:23  Phoenix x2  
  142  10:47  Phoenix  
  142  10:48  Phoenix x2  
  148  10:51  Protoss Ground Weapons Level 1 (Chrono Boost)  
  142  11:02  Forge  
  142  11:03  Robotics Facility  
  142  11:05  Robotics Facility  
  142  11:11  Robotics Facility  
  112  11:43  Zealot x4  
  112  11:44  Zealot  
  112  11:45  Zealot x3  
  124  12:01  Assimilator  
  124  12:04  Protoss Ground Armor Level 1 (Chrono Boost)  
  124  12:05  Immortal x2 (Chrono Boost), Assimilator  
  124  12:06  Immortal (Chrono Boost)  
  136  12:23  Protoss Air Armor Level 2 (Chrono Boost)  
  136  12:34  Zealot x2  
  136  12:35  Zealot x6  
  120  12:56  Zealot x3  
  120  12:57  Zealot x5  
  88  13:22  Zealot x2  
  88  13:23  Zealot x5  
  100  13:28  Immortal x2 (Chrono Boost)  
  100  13:29  Immortal (Chrono Boost)  
  98  13:41  Phoenix x3  
  100  13:47  Protoss Ground Weapons Level 2 (Chrono Boost), Protoss Ground Armor Level 2 (Chrono Boost)  
  92  13:59  Immortal x3 (Chrono Boost)  
  104  14:06  Phoenix x3  
  104  14:07  Zealot x7  
  124  14:28  Zealot x3  
  124  14:29  Zealot  
  116  14:44  Phoenix  
  116  14:45  Phoenix x2  
  110  15:06  Immortal x3  
  95  16:04  Immortal x3  
  75  16:38  Immortal x2 (Chrono Boost)  
  75  16:39  Immortal (Chrono Boost)  
  85  17:12  Immortal x3 (Chrono Boost)  
  34  18:29  Phoenix x3  
  18  19:15  Void Ray x3  
Show
View Real Time Build Order
Export as new Build Order

Autechre Terran 

Build Orders: 2 Factory, Mech 

Get SALT Encoding   

  12  0:00  SCV  
  13  0:15  Supply Depot  
  13  0:18  SCV  
  14  0:30  SCV  
  15  0:38  Refinery  
  15  0:42  Barracks  
  15  0:46  SCV  
  16  0:58  SCV  
  17  1:10  SCV  
  18  1:22  SCV  
  19  1:30  Barracks Tech Lab  
  19  1:36  Orbital Command  
  19  1:55  Command Center  
  19  2:04  Marauder  
  21  2:14  Supply Depot  
  21  2:16  Concussive Shells  
  21  2:21  SCV  
  22  2:30  Factory  
  22  2:33  SCV  
  22  2:39  Marauder  
  24  2:45  SCV  
  25  2:52  Refinery  
  25  3:04  Factory  
  25  3:08  SCV  
  25  3:12  Orbital Command  
  26  3:14  Factory Tech Lab  
  26  3:20  SCV  
  27  3:31  Refinery  
  27  3:32  SCV  
  28  3:37  Starport  
  28  3:38  Refinery  
  28  3:40  SCV  
  29  3:52  SCV  
  29  3:53  SCV  
  29  3:55  Factory Tech Lab  
  31  3:59  Siege Tank  
  34  4:04  SCV  
  34  4:07  SCV  
  36  4:18  Starport Reactor  
  36  4:19  Supply Depot, Widow Mine  
  36  4:23  Engineering Bay  
  38  4:24  SCV  
  38  4:25  SCV  
  40  4:32  Widow Mine  
  42  4:38  SCV  
  42  4:40  SCV, Siege Tank  
  47  4:50  SCV  
  48  4:56  Supply Depot  
  48  4:57  Viking  
  50  5:00  Viking  
  52  5:16  Starport, Factory, SCV x2  
  54  5:28  SCV x2  
  54  5:35  Command Center  
  56  5:42  Missile Turret  
  56  5:52  Missile Turret x2, Sensor Tower  
  56  5:53  SCV  
  56  5:55  SCV  
  58  5:59  Starport Reactor  
  58  6:00  Factory Tech Lab  
  58  6:05  SCV  
  58  6:07  SCV  
  60  6:17  Supply Depot  
  60  6:18  SCV  
  61  6:22  Supply Depot  
  61  6:24  Supply Depot  
  61  6:26  SCV  
  62  6:37  Armory  
  62  6:38  SCV, Siege Tank  
  66  6:40  Armory  
  66  6:42  Marauder  
  66  6:44  Supply Depot  
  66  6:46  Viking  
  70  6:51  SCV x2  
  72  7:03  SCV  
  72  7:06  Viking, Command Center  
  75  7:11  Viking  
  77  7:15  Viking  
  77  7:21  Siege Tank  
  82  7:24  Viking  
  84  7:34  SCV x3  
  87  7:37  Viking  
  87  7:41  Viking  
  91  7:46  SCV  
  91  7:47  Missile Turret  
  91  7:49  Orbital Command  
  91  7:50  SCV  
  91  7:51  Missile Turret  
  93  7:54  Terran Ship Weapons Level 1  
  93  7:55  Terran Vehicle Weapons Level 1  
  93  7:58  SCV  
  94  8:00  Viking  
  96  8:08  Missile Turret  
  96  8:15  Siege Tank x2  
  96  8:16  Sensor Tower  
  96  8:18  Viking  
  104  8:22  Viking  
  104  8:26  Marauder  
  108  8:29  SCV  
  109  8:43  Orbital Command  
  109  8:48  Command Center, Marauder  
  111  8:49  Missile Turret, Armory  
  111  8:51  Missile Turret  
  111  8:54  SCV, Refinery  
  111  8:55  SCV  
  113  8:56  Refinery  
  113  9:07  Factory  
  113  9:09  Marauder  
  115  9:10  Factory  
  115  9:13  SCV  
  115  9:15  SCV x2  
  115  9:16  SCV  
  119  9:26  Missile Turret  
  119  9:30  Supply Depot  
  119  9:33  Supply Depot  
  119  9:34  Supply Depot  
  119  9:38  Terran Vehicle And Ship Armor Level 1  
  119  9:42  Neosteel Armor  
  119  9:50  Drilling Claws  
  119  9:52  Terran Vehicle Weapons Level 2  
  119  9:54  Terran Ship Weapons Level 2  
  119  9:56  SCV  
  119  9:58  SCV  
  121  10:02  Orbital Command  
  121  10:07  Factory Reactor, Factory Tech Lab  
  121  10:10  Thor  
  121  10:13  Marauder  
  129  10:21  Factory  
  129  10:23  Refinery  
  129  10:25  Refinery  
  129  10:29  Supply Depot  
  129  10:30  Supply Depot  
  129  10:31  Thor  
  129  10:35  Thor  
  141  10:43  Siege Tank  
  141  10:48  Marauder  
  146  10:53  Siege Tank  
  146  10:54  Supply Depot  
  149  11:03  SCV x3  
  152  11:09  Supply Depot, Marauder  
  154  11:11  Barracks  
  154  11:12  Supply Depot  
  154  11:14  Barracks, Siege Tank  
  154  11:16  Engineering Bay, Siege Tank  
  154  11:18  Siege Tank  
  163  11:21  Factory Reactor  
  163  11:23  Factory Tech Lab  
  163  11:26  Terran Infantry Weapons Level 1  
  163  11:31  Marauder  
  165  11:33  Terran Vehicle And Ship Armor Level 2  
  165  11:39  Siege Tank  
  168  11:43  Siege Tank  
  168  11:46  Siege Tank  
  174  11:48  Siege Tank  
  174  11:52  Marauder, Siege Tank  
  182  11:59  Widow Mine x2  
  183  12:01  Barracks Reactor  
  183  12:03  Barracks Tech Lab  
  183  12:07  Terran Infantry Armor Level 1  
  183  12:11  Widow Mine  
  183  12:13  Barracks  
  187  12:16  Widow Mine  
  187  12:19  Widow Mine  
  187  12:22  SCV  
  190  12:26  Terran Vehicle Weapons Level 3  
  190  12:43  Terran Ship Weapons Level 3  
  190  12:54  Widow Mine x4, Marine  
  190  12:55  Marine  
  180  13:12  Siege Tank  
  180  13:13  Siege Tank  
  180  13:15  Viking x4  
  174  13:27  Widow Mine  
  172  13:36  Widow Mine x3  
  172  13:37  Marine  
  166  13:45  Viking x4  
  166  13:48  Thor x3  
  166  14:15  Viking x4  
  174  14:18  SCV x3  
  174  14:19  SCV  
  174  14:21  Widow Mine x2  
  182  14:33  Widow Mine x2  
  182  14:34  Widow Mine x2  
  188  14:40  Siege Tank  
  188  14:45  Viking x4  
  192  14:54  Thor  
  189  15:10  Siege Tank x2  
  185  15:15  Viking x4  
  173  15:33  Siege Tank x2  
  164  15:41  Siege Tank  
  157  15:44  Siege Tank  
  157  15:45  Viking x2  
  150  15:52  Siege Tank  
  150  15:53  Viking  
  133  16:17  Siege Tank x2  
  133  16:18  Siege Tank  
  100  16:19  Marauder  
  100  16:20  Marauder  
  100  16:22  Barracks Tech Lab  
  98  16:33  Siege Tank  
  98  16:34  Marine x2  
  93  16:41  Marauder x2  
  93  16:46  Marine  
  88  16:51  Marine  
  88  16:52  Marine  
  75  16:57  Siege Tank x2  
  75  16:59  Siege Tank  
  82  17:02  Marine, Marauder  
  81  17:09  Marine  
  81  17:10  Marine  
  81  17:14  Siege Tank  
  81  17:20  Marine  
  76  17:23  Marine  
  76  17:27  Marine x2  
  73  17:34  Siege Tank  
  69  17:37  Marine  
  69  17:38  Marine  
  69  17:41  Marine  
  65  17:45  Marine x2  
  60  17:54  Marine  
  60  17:56  Marine  
  62  17:59  Marine  
  62  18:03  Marine x2  
  63  18:12  Marine  
  62  18:13  Marine  
  62  18:16  Marine  
  52  18:20  Marine  
  52  18:21  Marine  
  48  18:30  Marine  
  48  18:31  Marine  
  48  18:35  Marauder  
  42  18:49  Marauder  
  42  18:50  Marauder  
  46  19:08  Orbital Command  
  46  19:09  Marine x2  
  47  19:10  Marine x3  
  38  19:25  Hellion x7  
  38  19:27  Marine x3  
  38  19:28  Marine  
  54  19:45  Marine x3  
  49  19:46  Marine, Hellion x2  
  49  19:47  Hellion x2  
  60  19:53  Hellion  
  58  20:02  Marine  
  58  20:03  Marine x2  
  58  20:04  Marine  
  61  20:07  Hellion  
  61  20:08  Hellion  
Show
View Real Time Build Order
Export as new Build Order

MattBarry Zerg 

Build Orders: Hatch First, Brood Lord Corruptor 

Get SALT Encoding   

  12  0:02  Drone  
  13  0:14  Overlord  
  13  0:18  Drone  
  14  0:32  Drone  
  14  0:35  Drone  
  16  0:42  Drone  
  17  1:01  Hatchery, Extractor  
  17  1:02  Drone x2  
  17  1:18  Spawning Pool  
  17  1:21  Drone  
  17  1:29  Drone  
  18  1:38  Drone  
  19  1:44  Drone  
  20  1:53  Drone  
  21  2:06  Zergling x2  
  22  2:15  Drone  
  23  2:20  Metabolic Boost  
  23  2:29  Zergling x2  
  24  2:33  Queen  
  24  2:35  Queen  
  28  2:38  Extractor  
  28  2:39  Drone  
  28  2:41  Overlord  
  28  2:59  Zergling x2  
  28  3:00  Hatchery, Overlord x2  
  28  3:03  Zergling x2  
  29  3:20  Drone x4  
  29  3:25  Extractor  
  32  3:27  Extractor  
  32  3:31  Drone x2  
  33  3:46  Drone x3  
  36  3:50  Lair  
  36  3:55  Drone  
  36  3:56  Drone  
  38  4:08  Drone x3  
  41  4:22  Queen  
  41  4:23  Drone  
  41  4:24  Drone  
  45  4:28  Drone  
  46  4:39  Drone x5  
  51  5:04  Spire  
  50  5:08  Infestation Pit  
  49  5:17  Drone x2  
  49  5:18  Drone x3  
  49  5:20  Overseer  
  54  5:25  Pneumatized Carapace  
  54  5:36  Drone  
  54  5:37  Drone x2  
  57  5:45  Hive  
  57  5:55  Drone, Overlord x2  
  58  5:57  Overlord  
  58  6:02  Extractor  
  58  6:03  Extractor  
  56  6:07  Drone x2  
  58  6:13  Queen  
  60  6:26  Corruptor x6  
  60  6:27  Corruptor x2  
  77  6:32  Drone  
  77  6:33  Drone x2  
  79  6:42  Drone  
  80  6:57  Greater Spire  
  80  7:24  Corruptor  
  80  7:27  Hatchery  
  79  7:47  Overlord x4  
  79  7:48  Overlord  
  79  8:09  Hatchery  
  78  8:13  Brood Lord x3  
  78  8:14  Brood Lord x3  
  78  8:15  Corruptor  
  92  8:30  Zerg Flyer Armor Level 1  
  92  8:41  Drone x5  
  94  8:42  Drone  
  94  8:44  Drone x3  
  101  8:51  Corruptor  
  101  8:52  Corruptor x3  
  109  8:56  Brood Lord  
  109  9:00  Queen  
  113  9:18  Corruptor  
  113  9:19  Corruptor x2  
  119  9:50  Queen  
  121  9:57  Queen  
  123  10:11  Drone x4  
  123  10:12  Drone, Overlord x3  
  123  10:13  Overlord x4  
  128  10:17  Overlord x2  
  127  10:49  Brood Lord  
  131  10:50  Brood Lord x4  
  130  11:14  Corruptor x5  
  136  11:24  Corruptor x6  
  136  11:25  Corruptor x2  
  118  11:56  Extractor x2  
  116  12:02  Corruptor x3  
  122  12:16  Drone x4  
  122  12:21  Drone  
  122  12:22  Drone  
  128  12:40  Overseer  
  128  13:03  Corruptor x8  
  128  13:04  Corruptor x4  
  120  13:30  Corruptor x9  
  138  13:38  Zerg Flyer Weapons Level 1  
  134  13:57  Corruptor x4  
  134  13:58  Corruptor  
  132  14:35  Corruptor x4, Infestor x2  
  123  15:17  Corruptor x5  
  123  15:21  Drone x3  
  127  15:38  Queen  
  129  15:44  Corruptor x6  
  129  15:45  Corruptor  
  143  15:54  Zerg Flyer Weapons Level 2  
  143  15:57  Corruptor  
  141  16:28  Corruptor x3  
  141  16:29  Corruptor  
  141  16:30  Overlord x3  
  145  17:09  Corruptor x5  
  145  17:10  Corruptor  
  149  17:39  Corruptor x3  
  93  18:15  Corruptor x2  
  93  18:16  Corruptor x2  
  93  18:40  Extractor  
  92  18:54  Corruptor  
  92  18:55  Corruptor  
  65  19:23  Corruptor  
  65  19:24  Corruptor  
  69  19:42  Corruptor  
Show
View Real Time Build Order
Export as new Build Order

Yoddy Terran - Winner!

Build Orders: Mech 

Get SALT Encoding   

  12  0:02  SCV  
  13  0:14  SCV  
  14  0:24  Supply Depot  
  14  0:26  SCV  
  15  0:34  Refinery  
  15  0:49  Barracks  
  15  0:54  SCV  
  16  1:06  SCV  
  18  1:18  SCV  
  18  1:38  Reaper  
  18  1:39  Supply Depot  
  19  1:46  Orbital Command  
  19  1:54  Factory  
  19  2:15  Marine  
  19  2:18  SCV  
  21  2:25  Command Center  
  21  2:30  SCV  
  22  2:37  Factory Tech Lab  
  22  2:42  Marine  
  23  2:45  SCV  
  24  3:09  Marine  
  24  3:12  Siege Tank  
  27  3:15  SCV  
  27  3:16  Barracks  
  27  3:17  Refinery  
  28  3:27  Marine  
  29  3:42  Orbital Command  
  29  3:49  Supply Depot, Cyclone  
  29  3:55  Factory  
  32  3:59  SCV  
  33  4:11  SCV  
  33  4:12  SCV  
  35  4:23  Supply Depot, Engineering Bay  
  35  4:24  Siege Tank  
  35  4:27  SCV x2  
  40  4:32  Refinery  
  40  4:38  Factory  
  40  4:39  SCV x2  
  40  4:42  Factory Tech Lab  
  42  4:51  SCV x2  
  44  4:54  Supply Depot  
  44  4:58  Missile Turret  
  44  5:07  Missile Turret  
  44  5:19  SCV x2  
  46  5:26  Sensor Tower  
  46  5:32  Factory Tech Lab  
  46  5:34  Factory Reactor  
  46  5:40  Cyclone x2  
  52  5:51  Supply Depot  
  52  5:56  SCV x2  
  54  6:04  Command Center  
  54  6:08  SCV x2, Refinery  
  56  6:12  Hellion x2  
  56  6:16  Armory  
  60  6:20  SCV  
  60  6:21  SCV  
  62  6:32  Missile Turret, SCV  
  63  6:54  Siege Tank  
  63  6:55  Siege Tank  
  63  6:56  Widow Mine x2  
  73  7:02  Armory  
  73  7:04  Missile Turret  
  73  7:09  Supply Depot  
  73  7:12  Terran Vehicle Weapons Level 1  
  73  7:20  SCV x2  
  76  7:26  Missile Turret, Orbital Command  
  75  7:31  Thor x2  
  75  7:32  Hellbat  
  75  7:33  Hellbat  
  91  7:50  Refinery  
  91  7:59  Missile Turret, SCV x2  
  91  8:01  SCV  
  94  8:07  Factory  
  94  8:08  Factory  
  94  8:11  SCV x2  
  96  8:13  SCV, Terran Vehicle And Ship Armor Level 1  
  96  8:15  Supply Depot  
  97  8:45  Thor x2  
  109  8:57  Supply Depot  
  109  8:58  Supply Depot  
  109  9:00  Drilling Claws  
  109  9:03  Infernal Pre-Igniter  
  109  9:18  SCV  
  109  9:19  Sensor Tower  
  109  9:21  Factory Tech Lab x2  
  110  9:28  Widow Mine x2, Siege Tank  
  117  9:38  Missile Turret  
  117  9:46  SCV x2  
  119  9:53  Supply Depot, SCV  
  119  9:54  Supply Depot  
  119  9:56  Terran Vehicle Weapons Level 2  
  119  9:58  SCV  
  119  9:59  Missile Turret  
  121  10:02  Refinery  
  121  10:10  Missile Turret  
  121  10:18  Thor x3  
  139  10:23  Hellbat  
  139  10:25  Supply Depot  
  139  10:46  Thor  
  139  10:49  Widow Mine, Hellion  
  147  11:38  Missile Turret  
  145  11:53  Supply Depot  
  145  11:54  Supply Depot  
  145  11:56  Supply Depot, Terran Vehicle And Ship Armor Level 2  
  145  12:14  Command Center, Siege Tank  
  145  12:15  Widow Mine, Thor  
  156  12:17  Siege Tank  
  156  12:18  Widow Mine, Hellion  
  156  12:21  Missile Turret  
  163  12:33  Factory  
  165  12:37  Widow Mine  
  165  12:41  Factory  
  165  12:47  Widow Mine  
  165  12:48  Widow Mine x2  
  125  13:21  Thor  
  125  13:22  Thor x2  
  149  13:39  Widow Mine x2  
  135  13:47  Factory Tech Lab  
  135  13:53  Refinery  
  135  14:00  Widow Mine x2  
  133  14:03  Factory Tech Lab  
  133  14:04  Thor x2  
  145  14:33  Thor x2  
  157  14:47  Thor  
  157  14:53  Orbital Command  
  157  14:54  Missile Turret  
  133  15:01  Thor  
  133  15:06  Terran Vehicle Weapons Level 3  
  139  15:08  Terran Vehicle And Ship Armor Level 3  
  139  15:23  Siege Tank x2  
  139  15:24  Widow Mine x2  
  149  15:30  Widow Mine  
  149  15:35  Factory Tech Lab  
  149  15:45  Siege Tank  
  149  15:46  Widow Mine x2  
  132  15:52  Widow Mine  
  132  15:55  Widow Mine  
  132  15:56  Widow Mine, Siege Tank  
  141  16:07  Widow Mine x2  
  141  16:09  SCV x4  
  149  16:13  Widow Mine  
  149  16:15  Mag-Field Accelerator  
  149  16:16  Refinery  
  149  16:17  Widow Mine  
  153  16:18  Smart Servos  
  153  16:21  Supply Depot, SCV  
  154  16:28  Cyclone x2  
  154  16:29  Cyclone  
  163  16:34  Cyclone  
  163  16:38  Cyclone  
  161  16:50  Widow Mine x2  
  165  17:00  Cyclone, Siege Tank  
  165  17:01  Widow Mine  
  173  17:07  Widow Mine  
  175  17:10  Cyclone  
  178  17:22  Cyclone  
  147  17:34  Cyclone  
  147  17:35  Cyclone x2  
  147  17:36  Hellion x2  
  154  17:42  Cyclone  
  145  17:54  Cyclone  
  145  17:57  Hellion x2  
  120  18:06  Cyclone  
  120  18:07  Cyclone x2  
  120  18:11  SCV  
  114  18:14  Siege Tank  
  114  18:18  Widow Mine  
  114  18:19  Widow Mine  
  121  18:26  Widow Mine, Command Center  
  123  18:39  Widow Mine, Cyclone  
  128  18:46  Cyclone x2  
  128  18:47  Hellion x2  
  128  18:48  Hellion  
  140  19:00  Hellion  
  142  19:09  Cyclone  
  145  19:11  Cyclone  
  148  19:18  Cyclone x2  
  148  19:19  Hellion x2  
  148  19:22  Hellion  
  160  19:25  Supply Depot  
  160  19:26  Supply Depot  
  158  19:40  Hellion  
  158  19:41  Cyclone  
  158  19:43  Cyclone, Siege Tank  
  169  19:46  Orbital Command  
  169  19:50  Refinery x2  
  172  20:00  Cyclone  
Show
View Real Time Build Order
Export as new Build Order

Mamu Protoss - Winner!

Build Orders: 1 Gate Expand, Carriers 

Get SALT Encoding   

  12  0:02  Probe (Chrono Boost)  
  13  0:12  Probe (Chrono Boost)  
  14  0:26  Pylon  
  14  0:27  Probe  
  15  0:44  Probe  
  15  0:47  Gateway  
  16  0:56  Probe  
  17  1:04  Pylon  
  17  1:08  Probe  
  18  1:13  Assimilator  
  18  1:21  Probe (Chrono Boost)  
  19  1:32  Probe (Chrono Boost)  
  20  1:40  Nexus  
  20  1:45  Cybernetics Core  
  20  1:47  Probe  
  20  1:53  Assimilator  
  21  2:00  Pylon  
  21  2:03  Probe  
  22  2:15  Probe (Chrono Boost)  
  22  2:21  Warp Gate  
  23  2:25  Probe (Chrono Boost)  
  24  2:30  Probe (Chrono Boost)  
  24  2:31  Assimilator  
  24  2:34  Assimilator  
  25  2:38  Forge  
  25  2:42  Probe  
  26  2:57  Probe (Chrono Boost)  
  28  3:08  Probe x2 (Chrono Boost)  
  29  3:13  Probe (Chrono Boost)  
  29  3:15  Stargate  
  30  3:22  Pylon  
  30  3:24  Probe  
  30  3:25  Probe  
  32  3:32  Photon Cannon  
  32  3:37  Probe (Chrono Boost)  
  32  3:38  Probe (Chrono Boost)  
  36  3:50  Probe (Chrono Boost)  
  36  3:53  Probe (Chrono Boost)  
  36  3:56  Probe (Chrono Boost)  
  36  4:00  Probe (Chrono Boost)  
  44  4:10  Probe (Chrono Boost)  
  44  4:11  Probe (Chrono Boost)  
  44  4:14  Void Ray  
  44  4:15  Probe (Chrono Boost)  
  44  4:16  Probe (Chrono Boost)  
  45  4:18  Stargate  
  46  4:26  Probe  
  46  4:28  Probe  
  48  4:35  Stargate  
  48  4:38  Probe  
  36  5:16  Probe (Chrono Boost)  
  38  5:26  Probe (Chrono Boost)  
  38  5:27  Probe (Chrono Boost)  
  39  5:29  Photon Cannon  
  39  5:31  Probe (Chrono Boost)  
  39  5:33  Probe (Chrono Boost)  
  41  5:36  Pylon  
  41  5:42  Void Ray x2, Probe  
  54  5:44  Probe  
  54  5:47  Void Ray  
  55  5:54  Probe  
  55  5:57  Probe  
  57  5:59  Photon Cannon  
  57  6:00  Protoss Air Weapons Level 1  
  57  6:05  Pylon  
  57  6:06  Probe  
  58  6:18  Probe  
  58  6:25  Fleet Beacon  
  59  6:30  Probe  
  59  6:32  Protoss Shields Level 1  
  60  6:38  Stargate  
  60  6:42  Probe  
  60  6:45  Cybernetics Core  
  61  6:47  Twilight Council  
  61  6:49  Pylon  
  61  7:06  Pylon  
  61  7:41  Carrier x4  
  77  8:05  Protoss Air Armor Level 1 (Chrono Boost)  
  77  8:07  Protoss Air Weapons Level 2 (Chrono Boost)  
  77  8:13  Photon Cannon  
  77  8:14  Photon Cannon  
  77  8:16  Flux Vanes  
  77  8:17  Photon Cannon  
  77  8:32  Robotics Facility  
  77  8:33  Robotics Facility  
  77  8:54  Protoss Shields Level 2 (Chrono Boost)  
  77  8:58  Nexus  
  77  9:00  Pylon  
  77  9:13  Pylon  
  77  9:20  Observer  
  77  9:23  Observer  
  79  9:27  Pylon  
  79  9:32  Pylon  
  79  9:35  Assimilator  
  79  9:39  Assimilator  
  79  9:41  Pylon  
  79  9:43  Photon Cannon  
  79  9:46  Photon Cannon  
  79  9:49  Photon Cannon, Probe  
  79  9:51  Pylon  
  79  9:52  Probe  
  81  9:57  Pylon  
  81  10:01  Probe  
  81  10:04  Probe  
  83  10:11  Probe  
  84  10:16  Probe  
  85  10:23  Probe  
  86  10:35  Probe  
  87  10:47  Probe  
  88  10:51  Pylon  
  88  10:52  Tempest x3  
  88  10:53  Unknown  
  88  10:54  Tempest  
  88  10:56  Pylon  
  108  10:59  Probe  
  108  11:01  Pylon  
  101  11:35  Tempest x3  
  101  11:38  Tempest  
  109  12:16  Photon Cannon  
  109  12:18  Tempest x3  
  109  12:19  Photon Cannon  
  109  12:20  Pylon  
  109  12:21  Tempest  
  129  12:23  Photon Cannon  
  129  12:41  Observer  
  130  12:45  Observer  
  131  13:00  Tempest  
  131  13:01  Tempest  
  115  13:16  Tempest x2  
  114  13:43  Tempest x2  
  124  13:59  Tempest x2  
  124  14:22  Nexus  
  124  14:25  Assimilator  
  124  14:26  Tempest x2  
  124  14:28  Assimilator  
  134  14:42  Tempest x2  
  139  15:09  Observer x2, Tempest  
  121  15:23  Carrier  
  121  15:25  Carrier x2  
  139  15:31  Stargate  
  129  15:52  Carrier  
  130  16:05  Probe  
  130  16:09  Protoss Air Armor Level 2 (Chrono Boost)  
  130  16:10  Photon Cannon  
  131  16:12  Photon Cannon  
  131  16:14  Photon Cannon  
  131  16:15  Protoss Air Weapons Level 3 (Chrono Boost)  
  131  16:17  Probe  
  131  16:18  Photon Cannon  
  127  16:19  Photon Cannon  
  127  16:29  Probe  
  128  16:36  Protoss Shields Level 3  
  128  16:41  Probe  
  129  16:50  Tempest x2  
  139  17:13  Stargate  
  139  17:15  Stargate  
  139  17:47  Nexus  
  139  17:49  Assimilator  
  133  17:53  Assimilator  
  133  17:57  Pylon  
  117  18:02  Pylon  
  96  18:07  Pylon  
  96  18:09  Pylon  
  101  18:25  Void Ray x5  
  101  18:40  Photon Cannon  
  95  18:44  Photon Cannon  
  103  18:50  Photon Cannon  
  103  18:52  Photon Cannon, Void Ray  
  103  18:53  Void Ray  
  103  18:54  Photon Cannon  
  103  18:56  Photon Cannon  
  103  18:59  Photon Cannon  
  103  19:01  Photon Cannon  
  111  19:14  Void Ray x2  
  115  19:25  Void Ray  
  119  19:38  Void Ray  
  123  19:50  Void Ray  
  123  19:52  Void Ray  
Show
View Real Time Build Order
Export as new Build Order

RVZ Terran - Winner!

Build Orders: Mech 

Get SALT Encoding   

  12  0:01  SCV  
  13  0:13  SCV  
  14  0:25  SCV  
  14  0:26  Supply Depot  
  15  0:30  Refinery  
  15  0:37  Refinery  
  15  0:49  Barracks  
  15  0:54  SCV  
  16  1:06  SCV  
  17  1:11  Supply Depot  
  17  1:18  SCV  
  18  1:31  SCV  
  19  1:42  Factory  
  19  1:44  Reaper  
  20  1:48  SCV  
  21  2:01  Orbital Command  
  21  2:28  Factory Tech Lab  
  21  2:40  SCV, Command Center  
  22  2:52  SCV  
  23  2:58  Engineering Bay  
  23  3:04  Siege Tank  
  26  3:24  SCV  
  27  3:30  Missile Turret  
  27  3:37  Widow Mine  
  29  3:42  SCV  
  29  3:43  Factory  
  30  3:55  SCV  
  31  3:56  Armory  
  31  4:04  Siege Tank  
  34  4:12  Refinery  
  34  4:13  SCV  
  35  4:20  Orbital Command  
  35  4:31  Factory Tech Lab  
  35  4:32  SCV  
  36  4:43  Widow Mine  
  36  4:44  SCV  
  39  4:52  Missile Turret  
  39  4:58  SCV x2  
  40  5:01  Thor  
  46  5:19  Smart Servos  
  46  5:23  Supply Depot  
  46  5:24  Supply Depot  
  46  5:27  Terran Vehicle Weapons Level 1, Refinery  
  46  5:32  Drilling Claws  
  46  5:45  Thor, SCV x2  
  46  5:48  Supply Depot  
  54  5:50  Factory  
  54  5:52  Factory  
  54  5:57  SCV x2  
  56  6:05  Thor  
  56  6:10  SCV  
  63  6:12  Supply Depot  
  63  6:23  SCV x2  
  65  6:33  Thor  
  65  6:37  Supply Depot, Factory Tech Lab  
  65  6:38  Factory Tech Lab  
  71  6:40  SCV x2  
  73  6:55  Supply Depot  
  73  6:57  Supply Depot  
  73  6:58  Thor  
  79  7:02  Hellion  
  79  7:03  Hellion  
  83  7:21  Terran Vehicle And Ship Armor Level 1  
  83  7:27  Command Center  
  83  7:47  Thor x2  
  95  7:54  Thor  
  95  7:57  SCV  
  102  8:15  Missile Turret  
  102  8:17  Missile Turret  
  102  8:22  Infernal Pre-Igniter  
  102  8:33  Missile Turret  
  102  8:38  Thor  
  102  8:39  SCV x2  
  110  8:44  Supply Depot  
  110  8:51  SCV  
  110  8:52  Factory, Planetary Fortress  
  110  8:54  Factory  
  111  8:56  Refinery  
  111  8:57  Refinery  
  111  9:00  Hellion x3  
  117  9:11  Supply Depot  
  117  9:15  Terran Vehicle Weapons Level 2  
  117  9:17  SCV x2  
  117  9:18  Missile Turret  
  119  9:29  SCV x2  
  121  9:36  Thor  
  121  9:37  Hellion  
  121  9:38  Hellion x2  
  133  9:46  Supply Depot  
  133  10:04  Factory Tech Lab x2  
  133  10:07  Thor  
  133  10:08  SCV x2  
  141  10:15  Supply Depot  
  141  10:20  Command Center  
  137  10:35  Hellion  
  139  10:37  Thor  
  139  10:41  Thor  
  145  11:26  Thor  
  145  11:32  Thor x2  
  159  11:34  Hellion  
  159  11:38  Thor  
  161  11:55  Hellion  
  164  12:08  SCV  
  164  12:09  Terran Vehicle And Ship Armor Level 2  
  164  12:12  Orbital Command  
  164  12:32  Supply Depot  
  164  12:33  Supply Depot  
  164  12:34  Supply Depot  
  164  12:47  Command Center  
  164  12:53  Thor  
  164  12:54  Thor, Hellion  
  164  12:55  Hellion  
  178  13:19  Thor x2  
  188  13:35  Thor  
  188  13:47  Thor  
  188  13:59  Thor, Hellion  
  188  14:01  Hellion x4  
  198  14:03  Hellion x2  
  200  14:26  Terran Vehicle Weapons Level 3  
  200  15:17  Hellion  
  200  15:28  Planetary Fortress  
  200  15:32  Missile Turret  
  153  15:43  Thor x4  
  153  15:45  Thor x2  
  137  16:26  Thor, Hellion x2  
  137  16:27  Hellion  
  131  16:43  Hellion x2  
  135  16:53  Refinery  
  135  17:12  Thor x2  
  135  17:14  Thor  
  153  17:23  Thor  
  159  17:46  Thor  
  159  18:06  Thor  
  159  18:08  Hellion x3  
  153  18:22  Thor  
  159  18:29  Hellion x2  
  159  18:30  Hellion  
  157  18:42  Thor  
  161  18:49  Hellion  
  161  18:51  Hellion  
  165  18:57  Refinery  
  165  19:01  Thor  
  165  19:02  Hellion  
  173  19:17  Thor  
  173  19:18  Hellion  
  173  19:19  Hellion x6  
  181  19:29  Hellion x3  
Tags
 
Add a new tag
Caveats
  • Supply blocks, unpowered buildings, or Contaminate may cause inaccurate times.
  • Supply counts are checked every 10 seconds.